 Dungeon Crawl Stone Soup version 0.25-a0-566-g062765be81 (webtiles) character file.

Game seed: 6421522084091814511, levelgen mode: deterministic

4237 Flugslaktarn the Cleaver (level 10, -5/92 HPs)
             Began as a Deep Dwarf Fighter on Feb 28, 2020.
             Slain by a death yak (22 damage)
             ... on level 9 of the Dungeon.
             The game lasted 00:03:40 (6045 turns).

Flugslaktarn the Cleaver (Deep Dwarf Fighter)       Turns: 6045, Time: 00:03:40

Health: -5/92      AC: 12    Str: 23    XL:     10   Next: 9%
Magic:  3/3        EV:  6    Int:  9    God:
Gold:   282        SH: 11    Dex: 12    Spells: 9/9 levels left

rFire    . . .     SeeInvis .   a - +0 war axe
rCold    . . .     Gourm    .   c - +0 kite shield
rNeg     . . .     Faith    .   y - +0 chain mail
rPois    .         Spirit   .   j - +0 helmet
rElec    .         Reflect  .   (no cloak)
rCorr    .         Harm     .   (no gloves)
MR       +....                  (no boots)
Stlth    ..........             (no amulet)
HPRegen  0.00/turn              (no ring)
MPRegen  0.08/turn              (no ring)

@: mighty, brilliant, non-regenerating, hasted, very quick
A: damage resistance, heal wounds, sense surroundings 2, no regeneration
a: Heal Wounds


You were on level 9 of the Dungeon.
You were not hungry.

You visited 2 branches of the dungeon, and saw 10 of its levels.

You collected 364 gold pieces.
You spent 82 gold pieces at shops.

Inventory:

Hand Weapons
 a - a +0 war axe (weapon)
Armour
 c - a +0 kite shield (worn)
 j - a +0 helmet (worn)
   (You found it on level 4 of the Dungeon)
 y - a +0 chain mail (worn)
   (You took it off an orc warrior on level 6 of the Dungeon)
Jewellery
 f - an uncursed ring of protection from fire
   (You took it off a hobgoblin on level 3 of the Dungeon)
 i - an uncursed ring of see invisible
   (You took it off a goblin on level 3 of the Dungeon)
 B - an uncursed ring of positive energy {unknown}
   (You found it on level 8 of the Dungeon)
Scrolls
 k - a scroll of enchant weapon {unknown}
 l - 4 scrolls of teleportation {unknown}
 m - 4 scrolls of remove curse {unknown}
 n - 4 scrolls of random uselessness {unknown}
 o - 2 scrolls of fear {unknown}
 s - 2 scrolls of immolation {unknown}
 t - a scroll of noise {unknown}
 v - 4 scrolls of enchant armour
 z - 2 scrolls of amnesia {unknown}
 A - 2 scrolls of fog {unknown}
 D - 9 scrolls of identify {unknown}
 E - a scroll of blinking {unknown}
Potions
 b - a potion of brilliance
 d - 3 potions of might
 g - 2 potions of degeneration {unknown}
 h - 2 potions of haste
 p - a potion of heal wounds {unknown}
 q - 6 potions of curing
 r - 2 potions of stabbing {unknown}
 u - a potion of mutation {unknown}
 w - 2 potions of flight {unknown}
 x - a potion of lignification {unknown}
Comestibles
 e - 19 rations


   Skills:
 + Level 6.6 Fighting
 * Level 10.3 Axes
 + Level 8.0 Armour
 + Level 7.9 Shields


You had 9 spell levels left.
You didn't know any spells.
Your spell library was empty.

Dungeon Overview and Level Annotations

Branches:
Dungeon (9/15)             Temple (1/1) D:6            Lair (0/6) D:9
    Orc: D:9-12

Altars:
Ashenzari
Cheibriados
Dithmenos
Elyvilon
Fedhas
Gozag
Hepliaklqana
Kikubaaqudgha
Nemelex Xobeh
Okawaru
Qazlal
Ru
Sif Muna
Trog
Uskayaw
Vehumet
Wu Jian
Xom
Yredelemnul
Zin
The Shining One

Shops:
D:5 :?!:

Annotations:
D:9 2 runed translucent doors, Flugslaktarn's ghost, novice MiFi


Innate Abilities, Weirdness & Mutations

You are resistant to damage.
You can heal yourself by infusing magical energy.
You passively map the area around you.
You do not regenerate.


Message History

You hit the death yak but do no damage. You slash the death yak!
You hit the death yak. x2; The death yak gores you.
The death yak gores you!!
* * * LOW HITPOINT WARNING * * *
You block the death yak's attack.
You feel much better. You block the death yak's attack.
You hit the death yak but do no damage.
The death yak is almost dead.
You hit the death yak.
Your shield and chain mail prevent you from hitting the death yak. x2
The death yak gores you but does no damage.
You block the death yak's attack. x2
You slash the death yak!
The death yak is almost dead.
You slash the death yak! You hit the death yak but do no damage.
You slash the death yak! You block the death yak's attack.
An orc comes into view.
It is wielding a +1 hand axe of freezing.
The death yak gores you!!
* * * LOW HITPOINT WARNING * * *
The death yak gores you. The death yak gores you!!
You die...

*............ , ,,
..o.....?.., .......... ,
,* , ......... , , * , ,
........##### , , ,
.......o#...#, , , ,,
,......oY#...+, , * ,
......lYYY..# , ,
......lW#@Y.# ,, , , ,
,,,,........#.Y.# , , *
,...##+###...#####+#######
* ...
....................# ,,
[., ....................#
* , ,
+.##########.........# , #
###.#.## #.........#
,#≈#..}..##.........# , *,
, , #..≈§$#[#.........#


You could see 6 death yaks, an orc priest, 2 orcs and a leopard gecko.

Vanquished Creatures
  A two-headed ogre (D:8)
  4 hogs (D:7)
  A human (D:7)
  Menkaure (D:4)
  Duvessa (D:4)
  A black bear (D:6)
  An orc warrior (D:6)
  2 ogres
  4 necrophages (D:8)
  A phantom (D:8)
  2 bullfrogs
  Dowan (D:4)
  A wyvern zombie (D:8)
  3 scorpions
  4 wights (D:7)
  2 howler monkeys
  A bullfrog zombie (D:7)
  3 crimson imps
  A quasit (D:6)
  3 orc priests
  2 bullfrog skeletons
  8 hounds
  4 orc wizards (D:8)
  A centaur skeleton (D:4)
  2 jellies
  2 iguanas
  An iron imp (D:8)
  7 worker ants
  3 killer bee zombies
  A hound zombie (D:6)
  A howler monkey zombie (D:8)
  3 gnolls (D:5)
  A howler monkey skeleton (D:3)
  6 adders
  2 shadow imps
  3 worms
  2 dart slugs
  11 leopard geckos
  19 orcs
  5 bats
  5 giant cockroaches
  6 goblins
  5 hobgoblins
  11 jackals
  6 kobolds
  3 quokkas
  6 frilled lizards
  A leopard gecko zombie (D:5)
  A quokka skeleton (D:7)
  A quokka zombie (D:8)
  2 rats (D:1)
  3 bushes (D:8)
  2 plants (D:8)
174 creatures vanquished.

Vanquished Creatures (others)
  6 plants (D:8)
6 creatures vanquished.

Grand Total: 180 creatures vanquished

Notes
Turn   | Place    | Note
-------+----------+-------------------------------------------
     0 | D:1      | Flugslaktarn the Deep Dwarf Fighter began the quest for the
                  | Orb.
     0 | D:1      | Reached XP level 1. HP: 20/20 MP: 1/1
    71 | D:3      | Reached XP level 2. HP: 25/27 MP: 2/2
   173 | D:4      | Noticed a scorpion
   189 | D:4      | Killed a scorpion
   189 | D:4      | Reached skill level 3 in Axes
   189 | D:4      | Reached XP level 3. HP: 18/34 MP: 3/3
   209 | D:4      | Reached XP level 4. HP: 37/42 MP: 4/4
   236 | D:4      | Found a hazy altar of Hepliaklqana.
   359 | D:4      | Noticed Dowan
   360 | D:4      | Noticed Duvessa
   380 | D:4      | Noticed Menkaure
   445 | D:4      | Killed Duvessa
   445 | D:4      | Reached skill level 4 in Axes
   445 | D:4      | Reached XP level 5. HP: 31/49 MP: 3/3
   451 | D:4      | Killed Menkaure
   451 | D:4      | Reached XP level 6. HP: 34/56 MP: 4/4
   468 | D:4      | Killed Dowan
   549 | D:4      | Reached skill level 5 in Axes
   787 | D:5      | Entered Level 5 of the Dungeon
   787 | D:5      | Found Gayqakk's Book Emporium.
   933 | D:5      | Reached XP level 7. HP: 62/64 MP: 5/5
  1108 | D:5      | Reached skill level 5 in Armour
  1132 | D:5      | Found Biupeidd's Distillery.
  1145 | D:5      | Reached skill level 5 in Shields
  1147 | D:5      | Found Onoweal's Magic Scroll Shop.
  1154 | D:5      | Reached skill level 6 in Axes
  1168 | D:5      | Bought a scroll of enchant armour for 82 gold pieces
  1251 | D:5      | Found Vodemn's Book Shop.
  1471 | D:6      | Found a hide-covered altar of Uskayaw.
  1540 | D:6      | Found a staircase to the Ecumenical Temple.
  1551 | Temple   | Entered the Ecumenical Temple
  1818 | D:6      | Found a hazy altar of Hepliaklqana.
  1998 | D:6      | Found a shimmering blue altar of Sif Muna.
  2050 | D:6      | Reached XP level 8. HP: 52/73 MP: 4/4
  2055 | D:6      | Reached skill level 7 in Axes
  2269 | D:6      | Found a white marble altar of Elyvilon.
  2302 | D:6      | Reached skill level 5 in Fighting
  2640 | D:7      | Reached skill level 8 in Axes
  2972 | D:7      | Gained mutation: You passively map the area around you.
                  | [Deep Dwarf growth]
  2972 | D:7      | Reached XP level 9. HP: 36/81 MP: 5/5
  2991 | D:7      | Reached skill level 9 in Axes
  3269 | D:8      | Noticed a two-headed ogre
  3294 | D:8      | Killed a two-headed ogre
  3396 | D:8      | Found a blossoming altar of Fedhas.
  3870 | D:8      | Reached skill level 10 in Axes
  3891 | D:8      | Found a snail-covered altar of Cheibriados.
  4235 | D:8      | Reached XP level 10. HP: 76/92 MP: 3/3
  4412 | D:3      | Found a shattered altar of Ashenzari.
  4460 | D:3      | Found an iron altar of Okawaru.
  4460 | D:3      | Found a glowing golden altar of the Shining One.
  4463 | D:3      | Found a sacrificial altar of Ru.
  4637 | D:3      | Found an ornate altar of the Wu Jian Council.
  5044 | D:2      | Found a faded altar of an unknown god.
  5098 | D:2      | Found a sparkling altar of Nemelex Xobeh.
  5973 | D:9      | Found a large runed translucent door.
  5973 | D:9      | Found a large runed translucent door.
  5976 | D:9      | Noticed Flugslaktarn's ghost (novice MiFi)
  6014 | D:9      | Noticed a death yak
  6016 | D:9      | Found a staircase to the Lair.
  6016 | D:9      | Noticed a death yak
  6016 | D:9      | Noticed a death yak
  6016 | D:9      | Noticed a death yak
  6017 | D:9      | Noticed a death yak
  6020 | D:9      | Noticed a death yak
  6023 | D:9      | Noticed a death yak
  6025 | D:9      | Noticed a death yak
  6045 | D:9      | Slain by a death yak

Levels and vault maps discovered:
D:1:      minmay_arrival_checkered_box, layout_basic, minmay_crystal_room,
          minivault_23, minmay_door_square
D:2:      layout_rooms, chequers_ecumenical_altar_grove,
          nemelex_xobeh_ov_fountains_minmay
D:3:      layout_basic, minitemple, ashenzari_altar_1,
          lemuel_coloured_pillars_altar
D:4:      layout_rooms, lemuel_doored_altar, first_ration, uniq_duvessa,
          uniq_menkaure
D:5:      minmay_razor_zed, layout_rooms, serial_shops, shop, shop,
          nicolae_shop_temple_entry_statues_fountains, shop_fountains,
          minmay_lizard_king
D:6:      layout_basic, kennysheep_mini_moat, eat_drink_and_be_merry_uskayaw,
          overflow_temple_1_default, temple_fountains, basic_altar
D:7:      layout_loops_corners, grunt_livestock
D:8:      layout_loops_corners, slow_altar_1, fedhas_altar_decomposition,
          grunt_decor_mini_mirrors
D:9:      layout_gridville, kennysheep_little_box, dpeg_lair_monsters,
          orc_0_dummy, ebering_ghost_disaster_area, minmay_misc_feat_chi,
          kennysheep_generic_room_7
Temple:   jpeg_temple_alley_garden

Skill      XL: |  1  2  3  4  5  6  7  8  9 10 |
---------------+-------------------------------+-----
Fighting       | 3 4 5 6 |  6.6
Axes           | 3 4 5 6 8 10 | 10.3
Armour         | 4 5 6 7 8 |  8.0
Shields        | 4 5 6 7 |  7.9

Action                   |  1- 3 |  4- 6 |  7- 9 | 10-12 || total
-------------------------+-------+-------+-------+-------++-------
Melee: War axe           |    44 |    79 |   428 |   139 ||   690
       Unarmed           |       |     5 |       |       ||     5
 Abil: Heal Wounds       |     1 |     7 |    20 |     3 ||    31
  Use: Potion            |       |       |       |     3 ||     3
  Eat: Chunk             |       |       |    11 |     3 ||    14
       Ration            |       |       |       |     1 ||     1
Armor: Scale mail        |    17 |    33 |    78 |       ||   128
       Chain mail        |       |       |   118 |    68 ||   186
Dodge: Dodged            |    15 |    30 |   121 |    27 ||   193
Block: Kite shield       |    17 |    38 |   270 |    76 ||   401

Table legend:
 A = Non-vault XP
 B = Vault XP
 C = Vault XP percentage of total XP
 D = Non-vault monster count
 E = Vault monster count
 F = Vault count percentage of total count
                 A         B        C        D         E       F
            +---------+---------+-------+---------+---------+-------
      Total |    3991 |    2062 |  34.1 |     139 |      30 |  17.8
            +---------+---------+-------+---------+---------+-------
        D:1 |      24 |       0 |   0.0 |      15 |       0 |   0.0
        D:2 |      52 |       0 |   0.0 |      22 |       0 |   0.0
        D:3 |      65 |       0 |   0.0 |      15 |       0 |   0.0
        D:4 |     260 |     277 |  51.6 |       8 |       3 |  27.3
        D:5 |     506 |     161 |  24.1 |      14 |      14 |  50.0
        D:6 |     782 |       0 |   0.0 |      20 |       0 |   0.0
        D:7 |     545 |     988 |  64.4 |      16 |       5 |  23.8
        D:8 |    1723 |     636 |  27.0 |      27 |       8 |  22.9
        D:9 |      34 |       0 |   0.0 |       2 |       0 |   0.0
            +---------+---------+-------+---------+---------+-------
